[Event "13th Rheinland-Pfalz-Open 2023"]
[Site "Neuwied-Engers"]
[Date "2023.06.08"]
[Round "1.1"]
[White "Peng, Li Min"]
[Black "Bursch, Alexander"]
[Result "1-0"]
[Annotator "TA"]
[ECO "B07"]
[WhiteElo "2530"]
[BlackElo "1690"]
[PlyCount "43"]
[EventDate "2023.01.12"]
[EventType "swiss"]
[EventCountry "GER"]
[SourceTitle "playchess.com"]
[Source "ChessBase"]
[SourceQuality "1"]
[TimeControl "40/5400+30:1800+30"]

1. d4 Nf6 2. Bf4 g6 3. Nc3 Bg7 4. e4 d6 5. Qd2 O-O 6. O-O-O Nbd7 {[%emt 0:03:07] B07: Pirc Defence: Miscellaneous Systems.} 7. e5 {[%emt 0:01:24] White is more active.} dxe5 (7... Nh5 $14) 8. dxe5 $16 Ng4 (8... Nh5 $16) 9. Nf3 $18 {[%emt 0:00:11][%cal Bg1f3,Bf3e5,Be5d3][%mdl 32] [#] Threatens to win with h3.} Qe8 {[%emt 0:02:26][%cal Rg4e5] [#]} 10. Nb5 $146 ({Predecessor:} 10. Bc4 Ngxe5 11. Nxe5 Nxe5 12. Bb3 c6 13. Bh6 Bf5 14. Rhe1 Ng4 15. Bxg7 Kxg7 16. h3 {0-1 Cabrera Gallego,A (1185)-Boix Torres,A Llinars del Valles op-B 13th 2019 (7)}) 10... Ndxe5 11. Nxc7 (11. Nxe5 $18 Nxe5 12. Re1 (12. Nxc7 Qa4 $16)) 11... Qa4 $14 {[%emt 0:02:08][%cal Oa4a2] And now ...Qxa2! would win.} 12. Kb1 Bf5 {[%emt 0:12:59] [#] ...Nxf3 is the strong threat.} 13. Nxe5 Bxc2+ $2 (13... Rad8 $1 $11 {and Black has nothing to worry.} 14. Bb5 (14. Qxd8 Bxc2+ 15. Ka1 Bxd1 $17) 14... Rxd2 15. Bxa4 Rxd1+ 16. Rxd1 Bxe5 17. Bxe5 Nxe5) 14. Qxc2 $18 {[%emt 0:00:56] White is clearly winning.} Qxf4 15. Nd3 ({Not} 15. Nxg4 Rac8 $18) 15... Qf5 16. Nxa8 Rxa8 17. Be2 Rc8 18. Qb3 Ne5 19. Qd5 e6 20. g4 Nxd3 21. gxf5 exd5 22. Bxd3 {[%emt 0:00:08] Weighted Error Value: White=0.21 (precise) /Black=0.41} 1-0

[Event "13th Rheinland-Pfalz-Open 2023"]
[Site "Neuwied-Engers"]
[Date "2023.06.08"]
[Round "1.3"]
[White "Karsay, Pascal"]
[Black "Gasber, Johannes"]
[Result "1-0"]
[Annotator "TA"]
[ECO "E04"]
[WhiteElo "2338"]
[BlackElo "1687"]
[PlyCount "54"]
[EventDate "2023.01.12"]
[EventType "swiss"]
[EventCountry "GER"]
[SourceTitle "playchess.com"]
[Source "ChessBase"]
[SourceQuality "1"]
[TimeControl "40/5400+30:1800+30"]

1. d4 Nf6 2. c4 e6 3. Nf3 d5 4. g3 dxc4 5. Bg2 c5 6. O-O Nc6 7. dxc5 Qxd1 8. Rxd1 Bxc5 9. Nbd2 c3 10. bxc3 O-O 11. Nb3 Be7 12. Nfd4 Bd7 13. Nb5 {[%emt 0:02:12] E04: Open Catalan: 5 Nf3.} Rfd8 14. Be3 Ne5 15. a4 {[%emt 0:03:44] White is slightly better.} a6 (15... Bc6 $14) 16. Bxb7 $16 {[%emt 0:29:00] White has more active pieces.} axb5 17. Bxa8 {[%emt 0:04:26] axb5 would be deadly.} Rxa8 {[%emt 0:00:22] [#]} 18. Bd4 $1 {[%emt 0:00:09] [#]} Bd6 $146 (18... bxa4 $16 19. Bxe5 Bb5) ({Predecessor:} 18... Neg4 19. axb5 Rxa1 20. Rxa1 Bxb5 21. h3 e5 22. Ra8+ Ne8 23. hxg4 exd4 24. Nxd4 Bd7 25. Ra7 Nf6 26. g5 Bc5 27. Rb7 Bxd4 28. gxf6 Bxc3 29. Rb8+ {1-0 Thybo,J (2579)-Sveshnikov,E (2481) Gilleleje Xtracon 2020 (8)}) 19. axb5 $18 Rxa1 20. Rc1 (20. Rxa1 $18 Kf8 21. b6) 20... Rb1 $2 (20... Rxc1+ $19 21. Nxc1 Bxb5) 21. Rxb1 $11 {[%emt 0:00:00] Hoping for b6.} Bxb5 22. Ra1 {[%emt 0:00:00] Ra5 is the strong threat.} Bc4 $2 {[%emt 0:00:06][%mdl 8192] [#]} (22... Bxe2 $2 23. Ra8+ Bf8 24. Bxe5 $18) (22... Nc4 $11 {and Black has nothing to worry.}) 23. Ra5 $2 Bxb3 {A strong pair of Bishops.} (23... Ned7 $5 24. Ra8+ Bf8 $15) 24. Bxe5 h5 $2 25. Bxd6 $18 Nd5 26. f3 h4 27. Rc5 ({Don't play} 27. gxh4 Nxc3 28. e4 Nd1 29. Ra8+ Kh7 $18) 27... Ne3 {[%emt 0:01:41] Weighted Error Value: White=0.68/Black=1.39} 1-0

[Event "13th Rheinland-Pfalz-Open 2023"]
[Site "Neuwied-Engers"]
[Date "2023.06.08"]
[Round "1.4"]
[White "Sheng, Ming"]
[Black "Baerwinkel, Tobias"]
[Result "0-1"]
[Annotator "TA"]
[ECO "B51"]
[WhiteElo "1675"]
[BlackElo "2324"]
[PlyCount "29"]
[EventDate "2023.01.12"]
[EventType "swiss"]
[EventCountry "GER"]
[SourceTitle "playchess.com"]
[Source "ChessBase"]
[SourceQuality "1"]
[TimeControl "40/5400+30:1800+30"]

1. e4 c5 2. Nf3 d6 3. Bb5+ Nd7 4. d4 cxd4 5. Qxd4 a6 6. Bxd7+ Bxd7 7. c4 {[%emt 0:00:26][%mdl 32768] [#] Not much happened in this game.  Loss on time!? B51: Sicilian: Moscow Variation (3 Bb5+) without 3...Bd7.} {Predecessor:} Rc8 $146 8. Nc3 e6 9. O-O Qc7 10. b3 b5 11. e5 bxc4 12. Ne4 dxe5 13. Nxe5 Bc6 14. Bb2 Bxe4 15. Qxe4 {½-½ Carlsen,M (2853)-So,W (2760) Chessable Masters Div 1 Lose rapid 2023 (2.2)} 0-1

[Event "13th Rheinland-Pfalz-Open 2023"]
[Site "Neuwied-Engers"]
[Date "2023.06.08"]
[Round "1.6"]
[White "Platten, Herbert"]
[Black "Syrov, Arkadi"]
[Result "0-1"]
[Annotator "TA"]
[ECO "E78"]
[WhiteElo "1673"]
[BlackElo "2298"]
[PlyCount "72"]
[EventDate "2023.01.12"]
[EventType "swiss"]
[EventCountry "GER"]
[SourceTitle "playchess.com"]
[Source "ChessBase"]
[SourceQuality "1"]
[TimeControl "40/5400+30:1800+30"]

1. d4 Nf6 2. c4 g6 3. Nc3 Bg7 4. e4 d6 5. f4 O-O 6. Nf3 c5 7. Be2 cxd4 8. Nxd4 Nc6 {[%emt 0:02:07] E78: King's Indian: Four Pawns Attack: 6 Be2 c5 7 Nf3.} 9. Nxc6 (9. Be3 $5) 9... bxc6 10. O-O Rb8 {[%emt 0:03:25] Black has an edge.} 11. Rb1 Qa5 12. Be3 (12. Kh1 $5) 12... Be6 {[%emt 0:02:55] [#]} 13. g4 $146 ({Predecessor:} 13. h3 Rb7 14. Qd2 Rfb8 15. b3 Nh5 16. Bd4 Ng3 17. Bxg7 Nxf1 18. Rxf1 Kxg7 19. f5 {0-1 Ribes Cabrera,J (1950)-Beltran Reverter,J (1809) Tarragona-chA 2017 (5)}) 13... Ne8 (13... Qa6 $5 ) 14. f5 Bc8 15. Qc2 Nf6 16. h4 d5 17. cxd5 (17. exd5 $11 gxf5 18. g5 (18. gxf5 cxd5 19. h5 d4 $11) (18. dxc6 fxg4 19. Bd3 Qe5 $11)) 17... cxd5 $15 18. e5 Nd7 19. e6 $2 (19. fxg6 $11 hxg6 20. e6) 19... fxe6 $19 {[%emt 0:01:42] ...d4 would be deadly.} 20. fxg6 {[%emt 0:00:12] [#]} (20. Qd2 $142) 20... d4 $2 (20... Qc7 $1 $19 {[%cal Rc7g3] ...Qg3+ is the strong threat.} 21. Rxf8+ (21. gxh7+ $2 {is the wrong capture.} Kh8 $19) 21... Nxf8 22. gxh7+ Kh8) 21. Rxf8+ $2 (21. gxh7+ $14 Kh8 22. Rxf8+ {[%mdl 64] Remove Defender} Nxf8 23. Ne4 (23. Bf4 $2 e5 $19)) 21... Nxf8 (21... Kxf8 $2 22. Rf1+ Nf6 23. Bxd4 $18) 22. Bf4 {[%emt 0:00:35] Wards off Qe5} (22. gxh7+ {is the only way for White.} Nxh7 23. Bd3 dxe3 24. Bxh7+ Kh8 25. Bd3) 22... e5 23. gxh7+ {[%emt 0:00:36] [#]} Kh8 $1 24. b4 Qc7 {[%emt 0:01:43][%mdl 64] Pin} 25. Qb3 (25. Bg3 $142) 25... Be6 26. Nd5 Qd6 ({And not} 26... exf4 27. Nxc7 Bxb3 28. Rxb3 $14) 27. Bc4 exf4 28. g5 Rd8 29. Nc7 Qxc7 30. Bxe6 d3 31. Bf5 e6 {[%emt 0:00:33] ( -> ...f3)} 32. Be4 f3 {[%emt 0:01:06] Black mates.} 33. Kf1 Qg3 34. Rb2 Bd4 35. Rg2 fxg2+ 36. Bxg2 Qf2# {[%emt 0:00:33] Excellently played by Syrov!   Weighted Error Value: White=1.25/Black=0.40} 0-1

[Event "13th Rheinland-Pfalz-Open 2023"]
[Site "Neuwied-Engers"]
[Date "2023.06.08"]
[Round "1.7"]
[White "Weber, Samuel"]
[Black "Rieger, Isabelle"]
[Result "1-0"]
[Annotator "TA"]
[ECO "A24"]
[WhiteElo "2296"]
[BlackElo "1670"]
[PlyCount "44"]
[EventDate "2023.01.12"]
[EventType "swiss"]
[EventCountry "GER"]
[SourceTitle "playchess.com"]
[Source "ChessBase"]
[SourceQuality "1"]
[TimeControl "40/5400+30:1800+30"]

1. Nf3 Nf6 2. c4 g6 3. Nc3 Bg7 4. g3 d6 5. Bg2 O-O 6. O-O e5 7. d3 a5 8. Rb1 Na6 9. a3 c6 10. b4 {[%emt 0:01:44] A24: English Opening vs King's Indian: Lines without ...Nc6.} axb4 11. axb4 Re8 12. Qb3 {[%emt 0:03:07] [#] The position is equal.} Nc7 $146 ({Predecessor:} 12... h6 13. Ba3 e4 14. dxe4 {½-½ Junker,A (1719)-Overesch,D (1849) Muensterland Verbandsklasse-A 0203 2002 (9.5)}) 13. Bg5 h6 14. Bxf6 Bxf6 15. Nd2 Be6 16. b5 d5 (16... Bg5 $14) 17. b6 $16 {[%emt 0:03:11][%mdl 64] [#] Deflection} Na6 18. cxd5 {[%emt 0:00:08] White is more active.} cxd5 19. Nxd5 Bg7 {[%emt 0:00:59] [#]} (19... Bg5 $16) 20. Rfc1 $1 $18 Rc8 21. Rc4 Rc7 $2 (21... Nc5 $16 22. Qc2 Bxd5 23. Rxc5 Bxg2) 22. Rxc7 Qc8 {[%emt 0:00:49] Weighted Error Value: White=0.11 (very precise) /Black=0.33} 1-0

[Event "13th Rheinland-Pfalz-Open 2023"]
[Site "Neuwied-Engers"]
[Date "2023.06.08"]
[Round "1.8"]
[White "Lenz, Joshua"]
[Black "Stillger, Bernhard"]
[Result "1-0"]
[Annotator "TA"]
[ECO "B11"]
[WhiteElo "1665"]
[BlackElo "2289"]
[PlyCount "58"]
[EventDate "2023.01.12"]
[EventType "swiss"]
[EventCountry "GER"]
[SourceTitle "playchess.com"]
[Source "ChessBase"]
[SourceQuality "1"]
[TimeControl "40/5400+30:1800+30"]

1. e4 c6 2. Nf3 d5 3. Nc3 Bg4 4. h3 Bxf3 5. Qxf3 e6 6. b3 g6 {[%emt 0:12:56] B11: Caro-Kann: Two Knights Variation.} 7. Bb2 Bg7 8. Bd3 Nd7 {[%emt 0:01:43][%cal Bb8d7,Bd7e5,Be5d3][%mdl 32] [#] The position is equal.} 9. exd5 $146 ({Predecessor:} 9. O-O Ne7 10. Rae1 O-O 11. Ba1 dxe4 12. Nxe4 Bxa1 13. Rxa1 Nd5 14. Qg3 f5 15. Ng5 {0-1 Bruntse,K-Kapicakova,L (1488) EU-ch Online U14 Girls rapid 2020 (3)}) 9... Ne5 10. Qg3 (10. Qf4 $5 ) 10... Nxd3+ 11. Qxd3 cxd5 12. O-O Ne7 13. Ba3 (13. Nd1 $11 O-O 14. Bxg7 Kxg7 15. c3) 13... O-O $17 14. Rae1 Re8 15. Nd1 (15. Bxe7 $142 Rxe7 16. a4) 15... Nc6 16. c3 Qa5 17. Bd6 Rad8 18. b4 Qb6 19. Qg3 e5 20. Bc5 Qa6 21. f4 b6 $36 {[%emt 0:09:32][%mdl 2048] Black is on the roll.} 22. Be3 (22. Bf2 $17 {is a better defense.}) 22... d4 $19 (22... Qxa2 23. fxe5 Nxe5 24. Bg5 $11) 23. Bf2 e4 (23... Qxa2 24. b5 Na5 25. fxe5) 24. Kh1 (24. f5 {keeps fighting.}) 24... e3 {[%emt 0:04:03][%mdl 64] [#] Deflection} ({Inferior is} 24... Qxa2 25. b5 $17) 25. dxe3 (25. Nxe3 $142 dxe3 26. Bxe3) 25... dxc3 {[%emt 0:00:49] Black is clearly winning.} ({Not} 25... Qxa2 26. exd4 Ne7 27. Qf3 $16) 26. Qf3 (26. b5 $142 Qxb5 27. e4) 26... c2 27. Qxc6 Rc8 ({Weaker is} 27... cxd1=N 28. Rxd1 Qxa2 29. b5 $11) 28. Qd7 c1=Q {[%emt 0:00:17] [#] And now ...Red8 would win.} 29. b5 Qxa2 {[%emt 0:00:58][%mdl 32768] Weighted Error Value: White=0.56/Black=0.07 (flawless) . Loss on time!?} 1-0

[Event "13th Rheinland-Pfalz-Open 2023"]
[Site "Neuwied-Engers"]
[Date "2023.06.08"]
[Round "1.9"]
[White "Ollenberger, Roland"]
[Black "Nagel, Ralf"]
[Result "1-0"]
[Annotator "TA"]
[ECO "A00"]
[WhiteElo "2280"]
[BlackElo "1660"]
[PlyCount "73"]
[EventDate "2023.01.12"]
[EventType "swiss"]
[EventCountry "GER"]
[SourceTitle "playchess.com"]
[Source "ChessBase"]
[SourceQuality "1"]
[TimeControl "40/5400+30:1800+30"]

1. Nc3 d5 2. e4 d4 3. Nce2 c5 4. Nf3 Nc6 5. Ng3 e6 6. Bb5 {[%emt 0:01:30] A00: Irregular Openings.} a6 (6... Nge7 $11 {remains equal.}) 7. Bxc6+ $16 bxc6 {[%emt 0:00:02] [#]} 8. d3 $146 {[%emt 0:00:22] White is slightly better.} ({Predecessor:} 8. O-O Ne7 9. d3 Ng6 10. h4 Bd6 11. h5 Ne5 12. Nxe5 Bxe5 13. Qg4 h6 14. f4 {1-0 Hoff,G (1559)-Kling,G (1725) HSG/BUE-ch Hamburg 2003 (5)}) 8... Qc7 {[%emt 0:00:33] Wards off Ne5} 9. O-O Bd6 (9... e5 $14) 10. Qe2 f6 {[%emt 0:14:31] [#]} 11. e5 $1 Bxe5 (11... fxe5 12. Ne4) 12. Nxe5 Qxe5 13. Qxe5 fxe5 14. b3 a5 15. Ba3 c4 (15... Nf6 {was worth a try.} 16. Bxc5 Nd7) 16. bxc4 $18 Ne7 17. Rfe1 Ng6 18. Rab1 Kd7 19. Ne4 Re8 20. Ng5 h6 21. Nf3 Kc7 22. h4 ({Don't take} 22. Nxe5 Nxe5 23. Rxe5 Rb8 24. Rxb8 Kxb8) 22... a4 23. h5 ({Resist} 23. Nxe5 Nxe5 24. Rxe5 Bd7) 23... Ne7 (23... Nf8 $142 24. Nxe5 Nd7) 24. Rxe5 Ng8 {[%emt 0:03:48] Black is weak on the dark squares} 25. Nxd4 {[%emt 0:00:42] White is clearly winning.} Bd7 26. Rbe1 Nf6 27. f3 {[%emt 0:00:58] Prevents Ng4} Ra7 28. Nxe6+ Bxe6 29. Rxe6 Rxe6 30. Rxe6 Nxh5 {[%emt 0:00:17][%mdl 4096] Endgame KRB-KRN} 31. Re7+ Kb8 32. Bd6+ Ka8 33. Rxa7+ Kxa7 34. Be5 Kb6 35. g4 Nf6 36. Bxf6 gxf6 37. c3 {[%emt 1:09:05] Black got outplayed after the opening.   Weighted Error Value: White=0.10 (very precise) /Black=0.47} (37. Kf2 $142 Kc5 38. c3) 1-0

[Event "13th Rheinland-Pfalz-Open 2023"]
[Site "Neuwied-Engers"]
[Date "2023.06.08"]
[Round "1.10"]
[White "Ahrens, Gunnar"]
[Black "Ronge, Tim"]
[Result "0-1"]
[Annotator "TA"]
[ECO "A03"]
[WhiteElo "1654"]
[BlackElo "2266"]
[PlyCount "88"]
[EventDate "2023.01.12"]
[EventType "swiss"]
[EventCountry "GER"]
[SourceTitle "playchess.com"]
[Source "ChessBase"]
[SourceQuality "1"]
[TimeControl "40/5400+30:1800+30"]

1. f4 d5 2. Nf3 g6 3. e3 Bg7 4. d4 Nh6 5. Bd3 Bf5 6. O-O {[%emt 0:01:23] A03: Bird's Opening with 1...d5.} O-O 7. c3 Nd7 8. Ne5 {[%emt 0:04:16] The position is equal.} Nf6 {[%emt 0:03:48] [#]} 9. h3 $146 ({Predecessor:} 9. Bxf5 Nxf5 10. Qe2 Ne4 11. Nd2 Nfd6 12. Nd3 b6 13. Nxe4 Nxe4 14. Nf2 Nxf2 15. Qxf2 {0-1 Szaraz,V (1959)-Gazik,R (2067) SVK-chT2B 1314 2013 (10.4)}) 9... Bxd3 10. Nxd3 Nf5 11. g4 Nd6 12. Nd2 Nfe4 13. Nxe4 Nxe4 14. Qf3 Qd6 15. Nf2 $1 f5 16. g5 (16. Nxe4 $11 fxe4 17. Qf2) 16... c5 {[%emt 0:03:28] Black has more active pieces. The white rooks are badly placed.} (16... h6 $17 17. gxh6 Bxh6) 17. Nxe4 $11 dxe4 18. Qe2 cxd4 19. cxd4 Rfc8 20. Bd2 Rc2 21. Rfc1 Rxb2 22. Rab1 $1 Rxb1 (22... Rxa2 $2 23. Qc4+ (23. Rxb7 Qd5 $15) 23... Kf8 24. Qxa2 $18) ({But not} 22... Bxd4 23. exd4 Qxd4+ 24. Be3 Rxe2 25. Bxd4 $14) 23. Qc4+ e6 24. Rxb1 Qd7 25. Rc1 $1 Bf8 26. Rc2 Bd6 (26... b5 $142 27. Qc6 Qxc6 28. Rxc6 a5) 27. a4 {[%emt 0:03:14][%mdl 1024] White has compensation.} (27. d5 $5 ) 27... Rd8 28. Bc1 (28. Bb4 $11) 28... Bb8 (28... Kf7 $15) 29. Bb2 Qd5 30. Ba3 {[%emt 0:03:27] White is now going downhill.} (30. Qc3 $11 {keeps the balance.}) 30... Qxc4 $17 31. Rxc4 {[%emt 0:00:02][%mdl 4096] Endgame KRB-KRB} Kf7 32. Bb2 (32. Kf1 $17) 32... Ke7 33. Ba3+ (33. Kf1 $142) 33... Bd6 34. Rc7+ (34. Bxd6+ $17 Kxd6 35. Kf1) 34... Rd7 $19 35. Bxd6+ Kxd6 {[%emt 0:00:05] KR-KR} 36. Rc8 Rc7 37. Rd8+ {[%emt 0:00:47] [#]} Kc6 $1 38. Re8 $2 (38. Kf2) 38... Kd5 39. Rd8+ (39. a5 $142 Rc1+ 40. Kh2 Rc2+ 41. Kg1) 39... Kc4 {[%emt 0:00:06] Threatens to win with ...Kd3.} 40. Rd6 Kd3 41. Rxe6 Kxe3 {[%emt 0:13:24] [#] ( -> ...Kf3)} 42. d5 Kf3 {[%emt 0:00:29] Black mates.} 43. d6 Rc1+ 44. Kh2 Rd1 {[%emt 0:00:11] Weighted Error Value: White=0.62/Black=0.13 (very precise)} 0-1

[Event "13th Rheinland-Pfalz-Open 2023"]
[Site "Neuwied-Engers"]
[Date "2023.06.08"]
[Round "2.1"]
[White "Kunz, Thorsten"]
[Black "Peng, Li Min"]
[Result "0-1"]
[Annotator "TA"]
[ECO "B41"]
[WhiteElo "1920"]
[BlackElo "2530"]
[PlyCount "78"]
[EventDate "2023.01.12"]
[EventType "swiss"]
[EventCountry "GER"]
[SourceTitle "playchess.com"]
[Source "ChessBase"]
[SourceQuality "1"]
[TimeControl "40/5400+30:1800+30"]

1. e4 c5 2. Nf3 e6 3. d4 cxd4 4. Nxd4 a6 5. Bc4 b5 6. Bb3 {[%emt 0:00:21] B41: Sicilian: Kan Variation: 5 c4.} Bb7 7. Qe2 Qh4 8. Nd2 {[%emt 0:03:04] [#] The position is equal.} f5 $146 {[%emt 0:00:48] [#]} ({Predecessor:} 8... Nf6 9. N4f3 Qg4 10. e5 Nd5 11. Bxd5 Bxd5 12. b3 Bb4 13. Kf1 Bc3 14. Rb1 Qf5 {0-1 Schlaeger,R (1670)-Dordevic,T (1555) Dortmund Sparkassen op-B 47th 2019 (7)}) 9. N4f3 (9. Bxe6 $1 $16 dxe6 10. Nxe6) 9... Qh5 10. exf5 Qxf5 11. Nd4 Qf6 12. N2f3 {[%emt 0:06:07] Bg5 is the strong threat.} Bc5 {[%emt 0:00:43] [#]} (12... Nc6 $11 13. Nxc6 Bxc6) 13. Bxe6 Ne7 $1 $11 (13... dxe6 14. Nxe6 Be7 15. Nc7+ Kf8 16. Bf4 $16) 14. Bg4 (14. Nb3 $1 $11 Bxf3 15. gxf3 Bb4+ 16. c3 Bxc3+ 17. bxc3 dxe6 18. O-O) 14... Bxd4 $17 {[%emt 0:00:20][%cal Bc5d4,Bd4b2,Bb2c3][%mdl 32] Black converts the advantage convincingly.} 15. Bg5 (15. Nxd4 $17 Qxd4 16. Bg5) 15... Bxf3 $1 $19 16. Bxf3 Qxg5 17. Bxa8 {[%emt 0:00:11] White is weak on the dark squares} Bxb2 18. Rd1 Bc3+ 19. Kf1 O-O 20. Bf3 (20. h4 $142 Qc5 21. Rh3) 20... Nbc6 21. Rxd7 Ne5 22. Rc7 (22. Rd1) 22... b4 {[%emt 0:13:16] ...Nf5 would be deadly.} 23. h4 Qf6 {[%emt 0:00:30] Hoping for ...N7g6.} 24. Rh3 N7g6 {[%emt 0:05:19] And now ...Nf4 would win.} 25. Rg3 (25. Ra7 $142 Qd6 26. Rg3) 25... Qxh4 (25... Nxh4 26. Bd5+ Kh8 27. Rgxg7 Qxg7 28. Rxg7 Kxg7 29. Qxa6 $11) 26. Rh3 {[%emt 0:01:54] Prevents Qh1+.} Qf4 {[%emt 0:00:32] Threatens to win with ...Nxf3.} 27. Bd5+ (27. Rc5) 27... Kh8 28. g3 Qc1+ 29. Kg2 Qg5 {[%emt 0:00:03] ( -> ...Nf4+)} 30. Kh1 Ng4 31. Bf3 N6e5 ({Don't go for} 31... Be5 $2 32. Rc4 Nf6 33. Be4 $19) 32. Bxg4 (32. Bb7 {is a better defense.} Qg6 33. f3) 32... Nxg4 (32... Qxg4 $2 {is the wrong capture.} 33. Qxg4 Nxg4 34. Rh4 Nxf2+ 35. Kg2 $19) 33. f4 Qd5+ 34. Kg1 Bd4+ 35. Kf1 Ne3+ 36. Kg1 Qe6 37. Qh5 Ng4+ ({And not} 37... Nxc2+ 38. Kh2 Qe4 39. f5 $11) 38. Kf1 Nf6 (38... h6 $142 39. Rh2 Nxh2+ 40. Qxh2 Re8 41. Rc8 Qe1+ 42. Kg2 Rxc8 43. c4 bxc3 44. Kh3 c2 45. Qg2 c1=Q 46. Qf3 Qh1+ 47. Kg4 g6 48. Qxh1 Qxh1 49. f5 Qh5+ 50. Kf4 Qxf5#) 39. Qg6 Qxh3+ {[%emt 0:00:04] Magnificent play by Peng!   Weighted Error Value: White=1.06/Black=0.48} 0-1

[Event "13th Rheinland-Pfalz-Open 2023"]
[Site "Neuwied-Engers"]
[Date "2023.06.08"]
[Round "2.2"]
[White "Winterberg, Lukas"]
[Black "Mueller, Lutz"]
[Result "1-0"]
[Annotator "TA"]
[ECO "A40"]
[WhiteElo "2405"]
[BlackElo "1914"]
[PlyCount "65"]
[EventDate "2023.01.12"]
[EventType "swiss"]
[EventCountry "GER"]
[SourceTitle "playchess.com"]
[Source "ChessBase"]
[SourceQuality "1"]
[TimeControl "40/5400+30:1800+30"]

1. d4 g6 2. e4 Bg7 3. c4 Nc6 4. d5 Nd4 5. Nc3 c5 6. Nge2 {[%emt 0:00:23] A40: Unusual replies to 1 d4.} e5 7. Nxd4 {[%emt 0:01:54][%mdl 64] [#] Remove Defender} exd4 8. Nb5 {[%emt 0:00:19] aiming for Bf4. The position is equal.} d6 9. Bf4 Be5 10. Bd2 a6 11. Na3 {[%emt 0:00:03] [#]} Bg7 $146 ({Predecessor:} 11... f5 12. Bd3 fxe4 13. Bxe4 Nf6 14. Bd3 O-O 15. O-O Ng4 16. f4 Bg7 17. Nc2 Qh4 {0-1 De Jong,M (2275)-Nijdam,W NED-chTB 9495 1994 (4)}) 12. Bd3 Nf6 13. O-O O-O 14. h3 {[%emt 0:01:58] Dodges Ng4} Bd7 15. Re1 (15. f4 $14) 15... Rb8 (15... Nh5 $1 $15) 16. b4 {[%emt 0:02:28] bxc5 is the strong threat.} b6 17. f4 Nh5 18. Qf3 {[%emt 0:03:12] White wants to play g4.} (18. g4 {keeps more tension.} Qh4 19. Qf3 Nf6 20. Kg2) 18... Qc7 (18... Qh4 $1 $11 {remains equal.}) 19. g4 $16 Nf6 20. Rab1 (20. e5 $16) 20... Ne8 {[%emt 0:09:52] [#]} (20... cxb4 $11 21. Bxb4 a5) 21. e5 {[%emt 0:02:40] White is more active.} cxb4 $1 $11 ({Weaker is} 21... dxe5 22. fxe5 cxb4 23. Bxb4 $16) 22. Bxb4 a5 23. Bd2 $36 {[%emt 0:06:42][%mdl 2048] White fights for an advantage.} Qc5 $2 {[%emt 0:03:40] A mistake that costs the game.} (23... dxe5 $14 24. fxe5 Bxe5) 24. Nb5 $18 Rb7 (24... Bxb5 {was called for.} 25. Rxb5 Qc7) 25. Qf2 f5 (25... Bxb5 {keeps fighting.} 26. Rxb5 Qa3) 26. e6 ({Less strong is} 26. Nxd4 dxe5 27. fxe5 fxg4 $16) ({Not} 26. Qxd4 Qc8 $16) 26... Bxb5 27. Rxb5 Qa3 28. Rb3 Qxa2 29. Reb1 {[%emt 0:00:42] And now Qe1 would win.} a4 (29... Nf6 {is a better defense.}) 30. Rb4 Nc7 31. Qe2 Bf6 $2 (31... Na6) 32. R4b2 Nxd5 33. Rxa2 {[%emt 0:00:15] Weighted Error Value: White=0.38/Black=0.46} 1-0

[Event "13th Rheinland-Pfalz-Open 2023"]
[Site "Neuwied-Engers"]
[Date "2023.06.08"]
[Round "2.3"]
[White "Kugel, Norbert"]
[Black "Karsay, Pascal"]
[Result "1/2-1/2"]
[Annotator "TA"]
[ECO "D04"]
[WhiteElo "1910"]
[BlackElo "2338"]
[PlyCount "68"]
[EventDate "2023.01.12"]
[EventType "swiss"]
[EventCountry "GER"]
[SourceTitle "playchess.com"]
[Source "ChessBase"]
[SourceQuality "1"]
[TimeControl "40/5400+30:1800+30"]

1. d4 Nf6 2. Nf3 d5 3. e3 c5 4. b3 cxd4 5. exd4 Nc6 6. Bb2 Bg4 7. Be2 e6 {[%emt 0:00:23] D04: Colle System.} 8. O-O Bd6 9. Nbd2 O-O 10. Ne5 Bxe2 11. Qxe2 Qc7 12. a3 {[%emt 0:11:45] [#]} a6 $146 ({Predecessor:} 12... Nd7 13. f4 Ncxe5 14. fxe5 Qxc2 15. Rab1 Bb8 16. Rfc1 Qg6 17. Qb5 Nb6 18. a4 Qg5 {0-1 Paashaus,D (1953)-Stelmaszyk,N (2387) Walsrode Chessemy op-A 2023 (1)}) 13. c4 dxc4 14. Ndxc4 Rac8 15. Rac1 Nd5 16. f4 Nce7 17. Nd2 Qd8 18. Rxc8 Qxc8 19. Ne4 Qd8 20. Ng5 h6 21. Ne4 Bb8 22. Nc5 b6 {[%emt 0:01:36] [#] aiming for ...Bxe5.} 23. Ncd7 Bxe5 24. Nxf8 Bxf4 25. Nxe6 fxe6 26. Qxe6+ Kh8 {[%emt 0:00:09] Threatens to win with ...Qc7.} 27. Re1 $2 {[%emt 0:00:00] [#]} (27. Bc1 $15 Bxc1 28. Rxc1) 27... Qc7 $1 $19 28. Re2 Bxh2+ 29. Kh1 Qf4 {[%emt 0:01:39] Prevents Rf2.} (29... Bg3 $142 {White must now prevent ...Qf4.} 30. Qg4 Nf6) 30. Re4 (30. Qe5 {might work better.}) 30... Qc7 $2 (30... Qf2 $19 31. Kxh2 Qxb2) 31. Rg4 $2 (31. Re2 $1 $11 {and White has nothing to worry.}) 31... Bf4 32. Qf7 Bg5 $2 (32... g5 $19 33. Rxf4 Qxf4 34. Qxf4 Nxf4) 33. Rxg5 $1 $11 hxg5 34. Qh5+ Kg8 {[%emt 0:48:09] Weighted Error Value: White=0.39/Black=0.48} 1/2-1/2